 Dungeon Crawl Stone Soup version 0.26.1-11-gd32895ea62 (webtiles) character file.

Game seed: 13992182682757144910

19698 Zeld the Basher (level 12, -12/105 HPs)
             Began as a Pale Draconian Gladiator on June 14, 2021.
             Was a High Priest of Qazlal.
             Mangled by an ettin
             ... wielding a +0 dire flail
              (51 damage)
             ... on level 14 of the Dungeon.
             The game lasted 00:25:21 (21600 turns).

Zeld the Basher (Pale Draconian Gladiator)         Turns: 21600, Time: 00:25:22

Health: -12/105    AC: 19    Str: 25    XL:     12   Next: 38%
Magic:  12/12      EV: 14    Int:  9    God:    Qazlal [*****.]
Gold:   886        SH: 15    Dex: 13    Spells: 11/11 levels left

rFire    x . .     SeeInvis .   b - +10 mace "Biys Pyx" {venom, rElec rPois rF- Str+4}
rCold    + . .     Faith    .   H - +1 kite shield
rNeg     . . .     Spirit   .   (armour unavailable)
rPois    +         Reflect  .   l - +2 hat
rElec    +         Harm     .   G - +2 cloak
rCorr    .         Rampage  .   v - +2 pair of gloves
Will     .....                  j - +2 pair of boots
Stlth    +.........             (no amulet)
HPRegen  0.27/turn              p - ring of flight
MPRegen  0.13/turn              (no ring)

@: protected from cold, repel missiles
A: breathe steam, unfitting armour, cold-blooded, AC +8
a: Breathe Steam, Renounce Religion, Evoke Flight, Upheaval, Elemental Force,
Disaster Area


You were on level 14 of the Dungeon.
You worshipped Qazlal.
Qazlal was extremely pleased with you.
You visited 2 branches of the dungeon, and saw 15 of its levels.

You collected 886 gold pieces.

Inventory:

Hand Weapons
 a - a +4 vorpal flail
 b - the +10 mace "Biys Pyx" (weapon) {venom, rElec rPois rF- Str+4}
   (You found it on level 4 of the Dungeon)

   It poisons the flesh of those it strikes.
   It affects your strength (+4).
   It makes you vulnerable to fire.
   It insulates you from electricity.
   It protects you from poison.
Missiles
 c - 3 throwing nets (quivered)
 d - 410 stones
 h - 67 poisoned darts
 E - 5 javelins
 L - 5 boomerangs
Armour
 j - a +2 pair of boots (worn)
 l - a +2 hat (worn)
 v - a +2 pair of gloves (worn)
 G - a +2 cloak (worn)
 H - a +1 kite shield (worn)
Jewellery
 f - an uncursed ring of resist corrosion
 p - a ring of flight (left hand)
 u - an uncursed ring of protection from cold
Wands
 q - a wand of paralysis (17)
 w - a wand of flame (52)
 I - a wand of digging (1)
 J - a wand of acid (6)
 K - a wand of disintegration (10)
 M - a wand of iceblast (9)
Scrolls
 g - 8 scrolls of remove curse
 i - 3 scrolls of blinking
 o - 4 scrolls of fear
 y - 6 scrolls of teleportation
 z - 2 scrolls of magic mapping
 N - a scroll of vulnerability {unknown}
Potions
 e - a potion of might
 k - 3 potions of resistance
 m - 2 potions of flight
 n - 7 potions of curing
 r - 2 potions of lignification {unknown}
 s - a potion of heal wounds
 t - 3 potions of brilliance {unknown}
 A - 2 potions of degeneration {unknown}
 B - 4 potions of cancellation {unknown}
 D - a potion of berserk rage {unknown}
 F - 4 potions of haste {unknown}
Miscellaneous
 x - a phial of floods
 C - a box of beasts


   Skills:
 + Level 9.5 Fighting
 * Level 12.2 Maces & Flails
 * Level 11.1 Throwing
 + Level 8.4 Dodging


You had 11 spell levels left.
You didn't know any spells.
Your spell library contained the following spells:

 Spells                   Type           Power        Failure   Level
 Beastly Appendage        Tmut           0%           96%         1
 Ensorcelled Hibernation  Hex/Ice        0%           99%         2
 Wereblood                Tmut           0%           99%         2
 Spider Form              Tmut/Pois      0%           100%        3
 Ice Form                 Ice/Tmut       0%           100%        4
 Blade Hands              Tmut           0%           100%        5
 Bolt of Magma            Conj/Fire/Erth 0%           100%        5
 Borgnjor's Vile Clutch   Necr/Erth      0%           100%        5
 Iskenderun's Battlesphe  Conj           0%           100%        5
 Silence                  Hex/Air        0%           100%        5
 Iron Shot                Conj/Erth      0%           100%        6
 Shadow Creatures         Summ           N/A          100%        6
 Orb of Destruction       Conj           0%           100%        7
 Spellforged Servitor     Conj/Summ      0%           100%        7


Dungeon Overview and Level Annotations

Branches:
Dungeon (14/15)            Temple (1/1) D:7            Lair (0/6) D:11
    Orc (0/2) D:12
 Vaults: D:13-14

Altars:
Ashenzari
Cheibriados
Dithmenos
Elyvilon
Fedhas
Gozag
Hepliaklqana
Kikubaaqudgha
Makhleb
Nemelex Xobeh
Okawaru
Qazlal
Ru
Sif Muna
Trog
Uskayaw
Vehumet
Wu Jian
Xom
Yredelemnul
Zin
The Shining One

Shops:
D:4 (   D:6 *   D:12 [

Portals:
Trove: D:14 (give horn of Geryon)
Ice
Cave: D:14

Annotations:
D:11 3 runed translucent doors, Zeld's ghost, journeyman DrGl


Innate Abilities, Weirdness & Mutations

You can breathe blasts of scalding, opaque steam.
Your pale cyan-grey scales are hard. (AC +8)
You cannot fit into any form of body armour.
You are cold-blooded and may be slowed by cold attacks.


Message History

You have got your breath back.
You kill the ice devil!
Qazlal accepts your kill.
You start resting.
You hear the crackling of a melting archway nearby.
You start resting.
You hear two shouts!
An ettin comes into view.
It is wielding a +0 dire flail and a +1 antimagic dire flail.
An ettin is nearby!
The ettin shouts in stereo!
The ettin closely misses you. You block the ettin's attack.
You thump the ettin!
The ettin is poisoned.
The ettin is lightly wounded.
You block the ettin's attack. x2
Unknown command.
You sock the ettin!
The ettin looks as sick as possible!
The ettin is moderately wounded.
The ettin barely misses you.
The ettin hits you with a +1 antimagic dire flail!!!
You die...

≈≈≈≈≈≈≈≈≈≈*≈♣.**,.....#
≈≈≈≈≈≈≈≈≈≈≈♣♣.#*,....#
≈≈≈≈≈≈≈≈≈≈≈≈♣.#*,....*
≈≈≈≈≈≈≈≈≈≈≈≈≈.#*,.∩.,*
≈≈≈≈≈≈≈≈≈≈≈♣♣'###.#***
≈≈≈≈≈≈≈≈≈≈≈§§.##.#*##
≈≈≈≈≈≈≈≈≈≈♣♣..§..##.#
≈≈≈≈≈≈P≈≈≈♣♣..§#C○..#
♣≈♣P≈≈≈≈≈≈≈♣...#@...#
♣PP≈≈≈≈P≈≈≈#...#○.#.#
P♣≈≈≈≈≈≈≈♣≈....#..°.#
♣♣♣P≈≈≈♣≈≈♣....#○...#
.P♣≈≈≈≈≈≈..#...#°...#
...†♣≈♣♣...#...#....#
....♣♣♣+########....#
#####.#,,,,,,,,#..#.# #
#.#,,,,,,,,#..#.#


You could see an ettin (extremely poisoned).

Vanquished Creatures
  A boulder beetle (D:12)
  A hydra (D:11)
  3 centaur warriors
  An unseen horror (D:10)
  2 ugly things
  2 cyclopes
  A manticore (shapeshifter) (D:13)
  A manticore (D:11)
  2 gargoyles
  Maggie (D:7)
  A komodo dragon (D:13)
  2 ice devils (D:14)
  A troll (D:12)
  Grinder (D:6)
  Prince Ribbit (D:9)
  2 wyverns
  A water elemental (D:14)
  9 yaks
  A wraith (D:13)
  Eustachio (D:6)
  A steam dragon (D:12)
  The ghost of Dillybarz the Skirmisher, an amateur DsFi (D:4)
  A water moccasin (D:9)
  7 orc warriors
  4 black bears
  2 sky beasts
  A necrophage (D:7)
  4 ice beasts
  6 ogres
  A phantom (D:10)
  7 centaurs
  5 big kobolds
  6 bullfrogs
  A gnoll sergeant (D:12)
  3 scorpions
  A wyvern skeleton (D:8)
  22 killer bees
  14 wights
  2 howler monkeys
  4 electric eels
  3 centaur zombies
  11 orc priests
  8 hounds
  4 jellies
  Crazy Yiuf (D:4)
  A bullfrog skeleton (D:12)
  19 orc wizards
  A centaur skeleton (D:11)
  3 iguanas
  Terence (D:2)
  11 worker ants
  4 hound zombies
  2 human simulacra (D:13)
  A hound skeleton (D:4)
  A howler monkey zombie (D:11)
  Robin (D:2)
  8 adders
  11 gnolls
  A river rat (D:4)
  2 shadow imps (D:8)
  3 white imps
  2 ufetubi
  2 oozes
  An adder skeleton (D:4)
  3 worms
  3 dart slugs (D:1)
  3 leopard geckos
  71 orcs
  5 giant cockroaches
  14 goblins
  10 hobgoblins
  11 jackals
  44 kobolds
  5 quokkas
  A ball python (D:8)
  6 bats
  13 frilled lizards
  5 rats
424 creatures vanquished.

Vanquished Creatures (collateral kills)
  A two-headed ogre (D:8)
1 creature vanquished.

Vanquished Creatures (others)
  A sky beast (D:13)
  113 plants
114 creatures vanquished.

Grand Total: 539 creatures vanquished

Notes
Turn   | Place    | Note
-------+----------+-------------------------------------------
     0 | D:1      | Zeld the Draconian Gladiator began the quest for the Orb.
     0 | D:1      | Reached XP level 1. HP: 17/17 MP: 1/1
   178 | D:1      | Reached XP level 2. HP: 19/25 MP: 2/2
   953 | D:2      | Noticed Terence
   971 | D:2      | Killed Terence
   972 | D:2      | Reached XP level 3. HP: 10/30 MP: 3/3
  1240 | D:2      | Noticed Robin
  1941 | D:2      | Reached XP level 4. HP: 37/37 MP: 4/4
  2217 | D:2      | Killed Robin
  3109 | D:3      | Reached skill level 4 in Maces & Flails
  3412 | D:3      | Found a glowing silver altar of Zin.
  4396 | D:3      | Reached XP level 5. HP: 25/45 MP: 5/5
  5105 | D:4      | Found a runed translucent door.
  5713 | D:3      | Reached XP level 6. HP: 39/51 MP: 6/6
  6173 | D:4      | Found a runed translucent door.
  6184 | D:4      | Noticed Dillybarz's ghost (amateur DsFi)
  6658 | D:4      | Reached skill level 5 in Maces & Flails
  7058 | D:4      | Found Duuphai's Antique Weapon Shoppe.
  7263 | D:4      | Found a runed translucent door.
  7264 | D:4      | Noticed Crazy Yiuf
  7595 | D:4      | Killed Crazy Yiuf
  7596 | D:4      | Your scales start taking on a pale cyan-grey colour.
  7596 | D:4      | Reached XP level 7. HP: 25/58 MP: 7/7
  8163 | D:4      | Got an encrusted mace
  8171 | D:4      | Identified the +10 mace "Biys Pyx" {venom, rElec rPois rF-
                  | Str+4} (You found it on level 4 of the Dungeon)
  8218 | D:4      | Killed Dillybarz's ghost
  8593 | D:5      | Entered Level 5 of the Dungeon
  8868 | D:5      | Reached skill level 6 in Maces & Flails
  9176 | D:5      | Reached skill level 5 in Throwing
  9241 | D:5      | Reached XP level 8. HP: 66/67 MP: 8/8
  9531 | D:6      | Noticed Eustachio
  9537 | D:6      | Killed Eustachio
  9654 | D:6      | Reached skill level 5 in Fighting
  9846 | D:6      | Reached skill level 7 in Maces & Flails
  9887 | D:6      | Found a shimmering altar of Xom.
  9974 | D:6      | Found Fuymenow's Fabulous Fripperies.
 10045 | D:6      | Reached skill level 5 in Dodging
 10847 | D:6      | Reached XP level 9. HP: 74/74 MP: 9/9
 11081 | D:6      | Noticed Grinder
 11093 | D:6      | Killed Grinder
 11325 | D:7      | Found a blossoming altar of Fedhas.
 11331 | D:7      | Noticed Maggie
 11346 | D:7      | Killed Maggie
 11347 | D:7      | Reached skill level 8 in Maces & Flails
 11633 | D:7      | Found a white marble altar of Elyvilon.
 11758 | D:7      | Found a shimmering altar of Xom.
 11867 | D:7      | Found a staircase to the Ecumenical Temple.
 11876 | D:7      | Found an iron altar of Okawaru.
 11879 | D:7      | Found a sparkling altar of Nemelex Xobeh.
 11885 | D:7      | Found a hazy altar of Hepliaklqana.
 11886 | D:7      | Found a bloodstained altar of Trog.
 11887 | D:7      | Found a stormy altar of Qazlal.
 11888 | D:7      | Found a broken altar of Ashenzari.
 11893 | D:7      | Became a worshipper of Qazlal Stormbringer
 11938 | Temple   | Entered the Ecumenical Temple
 12412 | D:8      | Found a sacrificial altar of Ru.
 12505 | D:8      | Reached * piety under Qazlal
 12906 | D:8      | Noticed a two-headed ogre
 12957 | D:8      | Killed a two-headed ogre
 12958 | D:8      | Reached skill level 9 in Maces & Flails
 12958 | D:8      | Reached XP level 10. HP: 30/84 MP: 10/10
 13760 | D:9      | Noticed Prince Ribbit
 13768 | D:9      | Killed Prince Ribbit
 14662 | D:9      | Found a hide-covered altar of Uskayaw.
 14673 | D:9      | Reached ** piety under Qazlal
 14804 | D:9      | Reached skill level 10 in Maces & Flails
 15027 | D:9      | Found an ornate altar of the Wu Jian Council.
 15131 | D:10     | Entered Level 10 of the Dungeon
 15147 | D:10     | Killed an unseen horror
 15423 | D:10     | Reached XP level 11. HP: 94/94 MP: 11/11
 16766 | D:11     | Found a staircase to the Lair.
 16896 | D:11     | Found a runed translucent gate.
 17086 | D:11     | Reached *** piety under Qazlal
 17312 | D:11     | Noticed an eight-headed hydra
 17317 | D:11     | Killed an eight-headed hydra
 17543 | D:11     | Found a runed translucent gate.
 17543 | D:11     | Found a runed translucent gate.
 17544 | D:11     | Noticed a ten-headed hydra
 17544 | D:11     | Noticed Zeld's ghost (journeyman DrGl)
 17545 | D:11     | Noticed an 11-headed hydra
 17936 | D:12     | Reached skill level 11 in Maces & Flails
 18024 | D:12     | Found Uxez's Antique Armour Shop.
 18391 | D:12     | Reached skill level 10 in Throwing
 18520 | D:12     | Noticed a red ugly thing
 18556 | D:12     | Killed a red ugly thing
 19045 | D:12     | Reached **** piety under Qazlal
 19145 | D:12     | Found a staircase to the Orcish Mines.
 19295 | D:12     | Noticed a boulder beetle
 19311 | D:12     | Killed a boulder beetle
 20133 | D:13     | Noticed a white ugly thing
 20146 | D:13     | Killed a white ugly thing
 20188 | D:13     | Noticed a centaur warrior
 20195 | D:13     | Killed a centaur warrior
 20196 | D:13     | Reached XP level 12. HP: 35/104 MP: 12/12
 20209 | D:13     | Noticed a centaur warrior
 20217 | D:13     | Killed a centaur warrior
 20423 | D:13     | Reached ***** piety under Qazlal
 21388 | D:14     | Reached skill level 12 in Maces & Flails
 21426 | D:14     | Found a portal to a secret trove of treasure.
 21473 | D:14     | Noticed a centaur warrior
 21486 | D:14     | Killed a centaur warrior
 21558 | D:14     | Found a frozen archway.
 21596 | D:14     | Noticed an ettin
 21600 | D:14     | Mangled by an ettin

Illustrated notes

Levels and vault maps discovered:
D:1:      shiori_arrival_maze, layout_rooms, st_stairs_5
D:2:      layout_basic, uniq_robin, uniq_terence
D:3:      layout_loops_corners, general_overflow_altar
D:4:      kennysheep_kobold_camp, layout_gridville, serial_shops, shop,
          ebering_ghost_sewer_f, minmay_lizard_king, uniq_crazy_yiuf_cottage
D:5:      layout_loops_ring
D:6:      layout_gridville, marbit_many_paths, chequers_serial_rivers_large_b,
          chequers_serial_rivers_large_a, nicolae_alphabet_shops,
          kennysheep_generic_room_5, uniq_eustachio, uniq_grinder
D:7:      layout_gridville, fedhas_ov_isle_minmay,
          nemelex_xobeh_ov_fountains_minmay, elyvilon_altar_3, minitemple,
          temple_doors_e, minivault_1, tgw_xom, uniq_maggie
D:8:      layout_loops_ring, nicolae_ru_great_annihilating_truth,
          minmay_unpleasant_kobolds
D:9:      layout_stronghold, kennysheep_mini_moat,
          eat_drink_and_be_merry_uskayaw, due_unseen_surprise,
          uniq_prince_ribbit1
D:10:     statuecave_lemuel, layout_loops_ring
D:11:     layout_roguey, lair_entry_dummy, gammafunk_ghost_hydra_chop,
          hangedman_decor_clover_reticule
D:12:     layout_loops_corners, hiddenorc2_lemuel, serial_shops, shop,
          minmay_misc_feat_diagonals, minmay_door_square
D:13:     layout_basic, bh_circular_ruins
D:14:     layout_stronghold, david_vaults_4, enter_trove_2, serial_bayou,
          serial_bayou_shore_b, serial_bayou_lagoon_a, serial_bayou_pond_d,
          serial_bayou_lake_a, serial_bayou_shore_a,
          portal_ice_cave_demonic_guard
Temple:   jpeg_temple_island

Skill      XL: |  1  2  3  4  5  6  7  8  9 10 11 12 |
---------------+-------------------------------------+-----
Throwing       | 2 3 4 5 6 8 9 10 11 | 11.1
Dodging        | 3 4 5 6 7 8 |  8.4
Fighting       | 3 4 5 6 7 9 |  9.5
Maces & Flails | 4 5 6 7 9 10 11 12 | 12.2

Action                   |  1- 3 |  4- 6 |  7- 9 | 10-12 || total
-------------------------+-------+-------+-------+-------++-------
Melee: Flail             |   110 |   309 |       |       ||   419
       Tailslap          |    14 |    36 |    36 |   101 ||   187
       Mace              |       |       |   271 |   591 ||   862
Throw: Throwing net      |       |     4 |     1 |       ||     5
 Abil: Breathe Steam     |       |       |     4 |     3 ||     7
       Evoke Flight      |       |       |       |     1 ||     1
Evoke: Wand              |       |     6 |     3 |     3 ||    12
       Box of beasts     |       |       |     1 |       ||     1
  Use: Scroll            |       |       |    23 |    13 ||    36
       Potion            |       |       |     3 |     2 ||     5
 Stab: Sleeping          |       |       |     2 |       ||     2
       Paralysed         |       |       |     1 |       ||     1
Armor: Skin              |    53 |   122 |   140 |   197 ||   512
Dodge: Dodged            |   123 |   253 |   158 |   242 ||   776
       Repelled          |       |       |       |     4 ||     4
Block: Kite shield       |       |       |    83 |   349 ||   432
